 Dungeon Crawl Stone Soup version 0.31-a0-426-g3a05650e59 (webtiles) character file.

Game seed: 1144600953037685743

133 LeprechaunX the Ruffian (level 5, -4/34 HPs)
             Began as an Octopode Shapeshifter on July 31, 2023.
             Slain by an orc
             ... wielding a +0 falchion
              (8 damage)
             ... on level 3 of the Dungeon.
             The game lasted 00:02:12 (1919 turns).

LeprechaunX the Ruffian (Octopode Shapeshifter)     Turns: 1919, Time: 00:02:12

Health: -4/34      AC:  1    Str: 17    XL:     5   Next: 16%
Magic:  5/5        EV: 13    Int: 10    God:
Gold:   125        SH:  0    Dex: 12    Spells: 4/4 levels left

rFire   . .          .
                       - Unarmed
rCold   . . .        (no shield)
rNeg    . . .        (helmet currently unavailable)
rPois   .            (no amulet)
rElec   .            (no ring)
rCorr   .            (no ring)
SInv    .            (no ring)
Will    .....        (no ring)
Stlth   ++           (no ring)
HPRegen 0.25/turn    (no ring)
MPRegen 0.09/turn    (no ring)
                     (no ring)

%: no passive effects
@: beast-form
A: beast (slay +2), almost no armour, amphibious, 8 rings, camouflage 1,
gelatinous body 1, (nimble swimmer 1), tentacles
a: Begin Untransformation


You were on level 3 of the Dungeon.
You were a hulking beast.
You visited 1 branch of the dungeon, and saw 3 of its levels.

You collected 125 gold pieces.

Inventory:

Talismans
 b - a beast talisman (active)
Scrolls
 c - 3 scrolls of identify {unknown}
 d - a scroll of revelation {unknown}
 e - a scroll of immolation {unknown}
 h - a scroll of teleportation {unknown}
Potions
 f - a potion of heal wounds {unknown}
 g - 2 potions of curing {unknown}


   Skills:
 + Level 2.2 Fighting
 + Level 2.8 Dodging
 * Level 4.2 Unarmed Combat
 + Level 3.4 Shapeshifting


You had 4 spell levels left.
You didn't know any spells.
Your spell library contained the following spells:

 Spells                   Type           Power      Damage    Failure   Level
 Summon Forest            Summ/Tloc      0%         N/A       100%        5
 Summon Mana Viper        Hex/Summ       0%         N/A       100%        5
 Summon Cactus Giant      Summ           0%         N/A       100%        6


Dungeon Overview and Level Annotations

Branches:
Dungeon (3/15)

Altars:


Innate Abilities, Weirdness & Mutations

You are a hulking beast.
Your limbs bulge with bestial killing power. (Slay +2)
You cannot wear most types of armour.
You are amphibious.
You can wear up to eight rings at the same time.
Your skin changes colour to match your surroundings (Stealth+).
Your rubbery body absorbs attacks. (AC +1, EV +1)
((You are camouflaged when in or above water. (Stealth+)))
You have tentacles for arms and can constrict up to eight enemies at once.


Message History

2 orcs and an orc wizard come into view.
There are monsters nearby!
There are monsters nearby!
Items here: )) [ ††.
No target in view!
An orc comes into view. It is wielding a +0 falchion.
The orc moves out of view.
Found a stone staircase leading down.
You closely miss the orc. You grab the orc. You constrict the orc.
The orc hits you with a +0 whip.
The orc shouts!
You tentacle-slap the orc but do no damage.
You squeeze the orc, but do no damage.
The orc is moderately wounded.
You constrict the orc. The orc hits you with a +0 whip.
The orc wizard mumbles some strange words.
The orc wizard flickers and vanishes!
Deactivating autopickup; reactivate with Ctrl-A.
You tentacle-slap something. Your squeeze misses something.
You constrict the orc. The orc hits you with a +0 whip. Something hits you.
You miss something. You constrict the orc. The orc hits you with a +0 whip.
You hear some strange, mumbled words.
A magic dart appears from out of thin air!
The magic dart hits you! The orc hits you with a +0 hand axe.
* * * LOW HITPOINT WARNING * * *
You barely miss something.
Your tentacle-slap misses something.
You constrict the orc.
You kill the orc!
Something hits you.
* * * LOW HITPOINT WARNING * * *
Unknown command.
You tentacle-slap something. Your squeeze misses something.
The orc hits you with a +0 hand axe.
* * * LOW HITPOINT WARNING * * *
Something barely misses you.
You tentacle-slap something but do no damage.
Your squeeze misses something. The orc hits you with a +0 hand axe.
* * * LOW HITPOINT WARNING * * *
The orc hits you with a +0 falchion!
You die...

................
.......[............## .
..................... ..
.....##.#.........## ...
...................
#..##.#.##.............
#..:...##.............
#####.o#.##†............
......{h.##.........†...
.....#o...))............
.......####..#..........
.....#. ##.##....†...†
##.... #.#.........<
...... #.#..........
....>.. #.#..........
....... .............
............


You could see 2 orcs.

Vanquished Creatures
  An orc priest (D:3)
  An orc wizard (D:3)
  2 adders (D:2)
  2 worms
  2 dart slugs
  4 orcs (D:3)
  3 endoplasms
  4 giant cockroaches
  5 goblins
  4 hobgoblins (D:3)
  2 quokkas
  3 ball pythons (D:1)
  3 bats (D:1)
  2 frilled lizards (D:1)
  5 kobolds
  4 rats
47 creatures vanquished.

Notes
Turn   | Place    | Note
-------+----------+-------------------------------------------
     0 | D:1      | LeprechaunX the Octopode Shapeshifter began the quest for
                  | the Orb.
     0 | D:1      | Reached XP level 1. HP: 13/13 MP: 1/1
   161 | D:1      | Reached XP level 2. HP: 11/18 MP: 2/2
   935 | D:2      | Reached XP level 3. HP: 6/23 MP: 3/3
  1736 | D:3      | Reached XP level 4. HP: 29/29 MP: 4/4
  1818 | D:3      | Reached skill level 4 in Unarmed Combat
  1819 | D:3      | Reached XP level 5. HP: 21/34 MP: 5/5
  1919 | D:3      | Slain by an orc

Illustrated notes

Levels and vault maps discovered:
D:1:      mushboom_english_gardens, layout_basic
D:2:      layout_loops_cross, hangedman_decor_peaks_small
D:3:      layout_rooms, nicolae_ecumenical_snake_handling, eino_tiny_chamber,
          serial_bayou_lagoon_a, minivault_24

Skill      XL: |  1  2  3  4 |
---------------+-------------+-----
Fighting       | 2 |  2.2
Unarmed Combat | 4 |  4.2
Dodging        | |  2.8
Shapeshifting  | |  3.4

Action                     |  1- 3 |  4- 6 || total
---------------------------+-------+-------++-------
  Melee: Unarmed           |    58 |    32 ||    90
         Constrict         |    16 |     5 ||    21
         Tentacles         |    12 |     3 ||    15
         Punch             |     2 |       ||     2
         Dagger            |     1 |       ||     1
    Use: Potion            |       |     1 ||     1
   Stab: Sleeping          |     5 |       ||     5
 Armour: Skin              |     1 |    13 ||    14
  Dodge: Dodged            |    30 |     8 ||    38

Table legend: (Time is in decaauts)
 A = Elapsed time spent in this place.
 B = Non-inter-level travel time spent in this place.
 C = Inter-level travel time spent in this place.
 D = Time resting spent in this place.
 E = Time spent auto-exploring this place.
 F = Levels seen in this place.
 G = Mean time per level.
                   A        B        C        D        E       F      G
               +--------+--------+--------+--------+--------+-----+--------+
         Total |   1909 |   1819 |     90 |     74 |   1473 |   3 |  636.3 |
       Dungeon |   1909 |   1819 |     90 |     74 |   1473 |   3 |  636.3 |
               +--------+--------+--------+--------+--------+-----+--------+

Top non-repeatable levels by time:
     D:1: 913 daAuts
     D:2: 814 daAuts
     D:3: 182 daAuts
